 Dungeon Crawl Stone Soup version 0.31-a0-117-g42d8f58691 (webtiles) character file.

Game seed: 8942847926472316645

23469 MackTheKnife the Unseen (level 12, 0/92 HPs)
             Began as a Vampire Wanderer on May 30, 2023.
             Was a Believer of Dithmenos.
             Slain by a harpy simulacrum (5 damage)
             ... in an ice cave.
             The game lasted 00:33:33 (16767 turns).

MackTheKnife the Unseen (Vampire Wanderer)         Turns: 16767, Time: 00:33:33

Health: 0/92       AC:  8    Str:  8    XL:     12   Next: 72%
Magic:  7/23       EV: 18    Int: 17    God:    Dithmenos [**....]
Gold:   1807       SH:  0    Dex: 19    Spells: 16/26 levels left

rFire   + + .        J - +1 rapier (flame) {short}
rCold   + + .        a - orb {guile}
rNeg    + . .        d - +2 robe {rC+ rF+}
rPois   +            n - +0 hat
rElec   .            o - scarf {rC+ rF+}
rCorr   .            b - +2 pair of gloves
SInv    +            l - +0 pair of boots
Will    .....        (no amulet)
Stlth   ++++++++     y - ring of poison resistance
HPRegen 0.55/turn    s - ring of positive energy
MPRegen 0.18/turn

%: no passive effects
@: confusing by touch, healing quickly, wreathed by umbra
A: alive, fangs 3, see invisible, vampiric 2
a: Exsanguinate, Renounce Religion, Shadow Step


You were in an ice cave.
You worshipped Dithmenos.
Dithmenos was pleased with you.
You visited 3 branches of the dungeon, and saw 15 of its levels.
You also visited: Ice Cave.

You collected 1807 gold pieces.


Innate Abilities, Weirdness & Mutations

Your natural rate of healing is accelerated.
You have razor-sharp teeth.
You have supernaturally acute eyesight. (SInv)
You are afflicted with vampirism and can become a bat while bloodless.


   Skills:
 - Level 8.0 Fighting
 + Level 7.9 Short Blades
 - Level 2.6 Polearms
 - Level 10.0 Dodging
 - Level 15.0 Stealth
 - Level 7.8 Spellcasting
 - Level 3.7 Conjurations
 - Level 12.7 Hexes


You had 16 spell levels left.
You knew the following spells:

 Your Spells              Type           Power      Damage    Failure   Level
a - Slow                  Hex            100%       N/A       1%          1
b - Confusing Touch       Hex            50%        N/A       1%          3
c - Fulminant Prism       Conj/Hex       17%        3d10      3%          4
d - Ensorcelled Hibernat  Hex/Ice        56%        N/A       1%          2

Your spell library contained the following spells:

 Spells                   Type           Power      Damage    Failure   Level
 Anguish                  Hex/Necr       14%        N/A       8%          4
 Beastly Appendage        Tmut           12%        N/A       11%         1
 Wereblood                Tmut           6%         N/A       16%         2
 Spider Form              Tmut/Pois      6%         N/A       32%         3
 Volatile Blastmotes      Fire/Tloc      12%        2d11      32%         3
 Iskenderun's Mystic Bla  Conj/Tloc      13%        2d5       43%         4
 Lee's Rapid Deconstruct  Erth           3%         3d5*      96%         5

Inventory:

Hand Weapons
 H - a +4 dagger of freezing {short}
   (You took it off a wight on level 8 of the Dungeon)
 J - a +1 rapier of flaming (weapon) {short}
   (You found it on level 9 of the Dungeon)
Armour
 a - an orb of guile (worn)
   (You took it off a gnoll bouda on level 5 of the Dungeon)
 b - a +2 pair of gloves (worn)
   (You found it on level 10 of the Dungeon)
 d - a +2 robe of resistance (worn)
   (You took it off a wight on level 9 of the Dungeon)
 l - a +0 pair of boots (worn)
 n - a +0 hat (worn)
   (You found it on level 2 of the Dungeon)
 o - a scarf of resistance (worn)
   (You found it on level 2 of the Dungeon)
 B - +0 acid dragon scales
   (You found it on level 7 of the Dungeon)
 C - a scarf of shadows
   (You found it on level 5 of the Dungeon)
Magical Staves
 M - a staff of conjuration {!a@e2staff}
   (You found it on level 2 of the Lair of Beasts)
Jewellery
 m - a ring of fire
   (You found it on level 1 of the Dungeon)
 s - a ring of positive energy (right hand)
   (You found it on level 2 of the Dungeon)
 y - a ring of poison resistance (left hand)
   (You found it on level 4 of the Dungeon)
Wands
 p - a wand of polymorph (6)
   (You found it on level 2 of the Dungeon)
 E - a wand of roots (4)
   (You found it on level 5 of the Dungeon)
 I - a wand of mindburst (5)
   (You found it on level 1 of the Lair of Beasts)
Scrolls
 c - 2 scrolls of silence {!r}
 e - 3 scrolls of vulnerability {!r!r}
 f - 4 scrolls of fear
 g - 3 scrolls of identify {@r1}
 h - 3 scrolls of enchant weapon
 j - 6 scrolls of teleportation {@r4}
 t - a scroll of summoning
 u - 2 scrolls of enchant armour
 v - 3 scrolls of immolation {!r!r}
 A - 3 scrolls of poison
 D - 3 scrolls of amnesia
 L - a scroll of fog
Potions
 i - 3 potions of magic
 k - 2 potions of haste {@q3}
 q - 4 potions of lignification {!q}
 r - a potion of ambrosia
 w - a potion of cancellation
 x - 5 potions of curing {@q1}
 z - a potion of might
 F - 2 potions of brilliance
 K - 2 potions of heal wounds {@q2}
Miscellaneous
 G - a lightning rod (4/4)
   (You found it on level 9 of the Dungeon)

Dungeon Overview and Level Annotations

Branches:
Dungeon (11/15) Zot: 25850  Temple (1/1) D:4 Zot: 5935    Lair (3/5) D:11 Zot: 14924
 Spider (0/4) Lair:2          Orc (0/2) D:9           IceCv (1/1) Zot: 5646
  Swamp: Lair:2-3    Shoals: Lair:2-3

Altars:
Ashenzari
Cheibriados
Dithmenos
Fedhas
Gozag
Hepliaklqana
Kikubaaqudgha
Makhleb
Nemelex Xobeh
Okawaru
Qazlal
Ru
Sif Muna
Trog
Uskayaw
Vehumet
Wu Jian
Xom
Yredelemnul

Shops:
D:6 [   D:10 [[

Annotations:
D:7 exclusions: 2 gnolls, hound and phantom
D:11 1 runed translucent door, Lodul; makewrite's ghost, journeyman KoBe IceCv exclusion: 2 ice statues

###### #.....###
........## .........##
.........8# ####
.........########..##
..........##..##....##
...........4@........#
...⌠.......Z.....∩∩..#
............##.......#
..........######....##
.........## ##..##
.........8 ####
........# ......#
...##


You could see an ice devil and a harpy simulacrum (confused).


Message History

Your fulminant prism crackles loudly.
Your hands begin to glow red. 😎 MP[-3]
You lost 3 mp, and now have 16/23 mp.
You hit the ice devil but do no damage.
The ice devil appears confused. 😎 MP[+1]
You strike the helpless ice devil from behind!
You impale the ice devil!! You burn the ice devil.
You hit the ice devil but do no damage.
The ice devil hits you but does no damage.
You catch the helpless ice devil completely off-guard!
You impale the ice devil!! You burn the ice devil.
You kill the ice devil!
Dithmenos accepts your kill.
No target in view!
Casting: Confusing Touch (safe; 1% risk of failure)
Confirm with . or Enter, or press ? or * to list all spells.
Aiming: Fulminant Prism (dangerous; 3% risk of failure)
Press: ? - help, Dir - move target You conjure a prism of explosive energy!
A fulminant prism comes into view.
An anaconda simulacrum comes into view.
An ice devil comes into view. 😎 MP[-4]
You lost 4 mp, and now have 13/23 mp.
Your fulminant prism crackles loudly. 😎 MP[+1]
Your hands begin to glow red.
The anaconda simulacrum grabs you.
The anaconda simulacrum bites you but does no damage.
The anaconda simulacrum constricts you.
A harpy simulacrum comes into view. 😕 HP[-1] MP[-3]
You take 1 damage, and now have 91/92 hp.
You lost 3 mp, and now have 11/23 mp.
You hit the anaconda simulacrum but do no damage.
The anaconda simulacrum appears confused.
The anaconda simulacrum closely misses you.
The anaconda simulacrum constricts you. The anaconda simulacrum bites you.
The anaconda simulacrum freezes you! You resist.
The anaconda simulacrum constricts you. 😕 HP[-17] MP[+1]
You take 17 damage, and now have 74/92 hp.
You hit the anaconda simulacrum.
You melt the anaconda simulacrum.
The anaconda simulacrum closely misses you.
The anaconda simulacrum bites itself.
The anaconda simulacrum constricts you. 😕 HP[-1]
You take 1 damage, and now have 73/92 hp.
You catch the helpless anaconda simulacrum completely off-guard!
You impale the anaconda simulacrum!!
You melt the anaconda simulacrum.
Dithmenos accepts your kill. 😕 HP[+1]
Your hands begin to glow red.
The harpy simulacrum claws you but does no damage.
The harpy simulacrum claws you. The harpy simulacrum freezes you. You resist.
The harpy simulacrum barely misses you.
The harpy simulacrum closely misses you. 😮 HP[-7] MP[-3]
You take 7 damage, and now have 67/92 hp.
You lost 3 mp, and now have 9/23 mp.
You barely miss the harpy simulacrum. The harpy simulacrum barely misses you.
The harpy simulacrum claws you. The harpy simulacrum freezes you. You resist.
The ice devil hits you. The ice devil freezes you. You resist.
The harpy simulacrum misses you. The harpy simulacrum claws you.
The harpy simulacrum freezes you. You resist.
* * * LOW HITPOINT WARNING * * *
😨 HP[-25]
You take 25 damage, and now have 42/92 hp.
MASSIVE DAMAGE!! (PAUSE)
You hit the harpy simulacrum but do no damage.
The harpy simulacrum appears confused.
The ice devil hits you.
* * * LOW HITPOINT WARNING * * *
The ice devil freezes you. You resist.
* * * LOW HITPOINT WARNING * * *
😨 HP[-10]
You take 10 damage, and now have 32/92 hp.
You puncture the harpy simulacrum!
You melt the harpy simulacrum.
The ice devil hits you.
* * * LOW HITPOINT WARNING * * *
The ice devil freezes you! You resist.
* * * LOW HITPOINT WARNING * * *
😨 HP[-7] MP[+1]
You take 7 damage, and now have 25/92 hp.
Unknown command.
You are too injured to fight recklessly!
Casting: Confusing Touch (safe; 1% risk of failure)
Confirm with . or Enter, or press ? or * to list all spells.
Your hands begin to glow red.
The harpy simulacrum misses you. The harpy simulacrum claws you.
* * * LOW HITPOINT WARNING * * *
The harpy simulacrum freezes you. You resist.
* * * LOW HITPOINT WARNING * * *
The ice devil hits you but does no damage.
The harpy simulacrum claws you.
* * * LOW HITPOINT WARNING * * *
The harpy simulacrum freezes you. You resist.
* * * LOW HITPOINT WARNING * * *
The harpy simulacrum claws you.
* * * LOW HITPOINT WARNING * * *
The harpy simulacrum freezes you. You resist.
You die...

Skill      XL: |  1  2  3  4  5  6  7  8  9 10 11 12 |
---------------+-------------------------------------+-----
Stealth        | 3 4 6 8 11 14 15 | 15.0
Hexes          | 5 6 7 10 11 12 | 12.7
Spellcasting   | 2 4 6 7 |  7.8
Short Blades   | 4 7 |  7.9
Dodging        | 3 6 9 10 | 10.0
Conjurations   | 3 |  3.7
Fighting       | 8 |  8.0
Polearms       | |  2.6

Action                     |  1- 3 |  4- 6 |  7- 9 | 10-12 || total
---------------------------+-------+-------+-------+-------++-------
  Melee: Spear             |    57 |   129 |       |       ||   186
         Bite              |     3 |    36 |    36 |    37 ||   112
         Dagger            |     2 |    94 |   223 |    76 ||   395
         Punch             |       |     2 |     1 |       ||     3
         Rapier            |       |       |       |   250 ||   250
   Cast: Confusing Touch   |       |    17 |    36 |    44 ||    97
         Fulminant Prism   |       |       |     1 |    39 ||    40
         Ensorcelled Hiber |       |       |     3 |    89 ||    92
  Evoke: Wand              |       |     3 |     7 |     7 ||    17
         Lightning rod     |       |       |       |     2 ||     2
    Use: Potion            |       |     1 |     2 |       ||     3
         Scroll            |       |     7 |    11 |    11 ||    29
   Stab: Sleeping          |    11 |    10 |    16 |    71 ||   108
         Distracted        |     1 |       |     2 |       ||     3
         Confused          |       |    13 |    29 |    36 ||    78
 Armour: Robe              |     5 |    53 |     8 |    73 ||   139
         Steam dragon scal |       |       |    11 |       ||    11
  Dodge: Dodged            |    20 |   150 |   100 |   318 ||   588

Levels and vault maps discovered:
D:1:      matt_arrival_spirals, layout_loops_corners,
          dreamdust_ecumenical_altar_angels_and_demons
D:2:      layout_rooms, uniq_natasha
D:3:      layout_rooms
D:4:      layout_basic, mainiacjoe_overflow_six_doors_small,
          nicolae_vehumet_radiance, temple_fountains
D:5:      layout_loops_ring, nicolae_ashenzari_skybound, serial_demonic,
          serial_demonic_f, serial_demonic_a, serial_demonic_a,
          serial_demonic_b, serial_demonic_a, serial_demonic_d, uniq_sigmund
D:6:      layout_cave_pods, serial_shops, shop
D:7:      minmay_chambers_of_sixes, layout_loops_corners,
          kennysheep_generic_room_5
D:8:      layout_loops_cross, uniq_prince_ribbit1
D:9:      layout_loops_ring, david_orc_2, st_stairs_14
D:10:     layout_basic, chequers_temple_overflow_statue_of_worship,
          kennysheep_mini, mainiacjoe_overflow_two_lobes, serial_undead,
          serial_undead_e, serial_undead_c, serial_undead_e, serial_undead_a,
          serial_shops, nicolae_shop_stone, kennysheep_little_box,
          nicolae_kite_square_tiling_tiny, uniq_fannar
D:11:     layout_layer_cave, lair_entry_dummy, hellmonk_ghost_happy_afterlife,
          uniq_lodul, uniq_psyche
Temple:   chequers_temple_sunken
Lair:1:   layout_roguey
Lair:2:   layout_cave_pods, spider_nest_entry_a, grunt_forest_stairs_basic,
          serial_bayou_shore_b, grunt_megastairs_2
Lair:3:   layout_loops_ring, minmay_shoals_entry_centaurs, portal_ice_cave_rime,
          hangedman_lair_unloving_vines, uniq_sonja
IceCv:    ice_cave_tombish

Notes
Turn   | Place    | Note
-------+----------+-------------------------------------------
     0 | D:1      | MackTheKnife the Vampire Wanderer began the quest for the
                  | Orb.
     0 | D:1      | MackTheKnife set off with the following items: a +2 spear
                  | {polearm}, a +0 pair of boots, a potion of heal wounds
                  | {@q2}, a +0 robe; and the following spell memorised: Slow;
                  | and the following spells available to memorise: Confusing
                  | Touch.
     0 | D:1      | Reached XP level 1. HP: 15/15 MP: 2/2
     0 | D:1      | magus.rc [v1.9.6]
    35 | D:1      | Reached skill level 2 in Stealth
   578 | D:1      | Reached skill level 3 in Stealth
   620 | D:1      | Reached XP level 2. HP: 21/21 MP: 3/3
   695 | D:1      | Found a faded altar of an unknown god.
  1132 | D:2      | Reached skill level 4 in Stealth
  1219 | D:2      | Gained mutation: You are afflicted with vampirism and can
                  | become a bat while bloodless. [Vampire growth]
  1219 | D:2      | Reached XP level 3. HP: 26/26 MP: 4/4
  1290 | D:2      | Reached skill level 5 in Stealth
  1499 | D:2      | Noticed Natasha
  1509 | D:2      | Reached skill level 6 in Stealth
  1509 | D:2      | Reached XP level 4. HP: 32/32 MP: 5/5
  1513 | D:2      | Learned a level 3 spell: Confusing Touch
  1684 | D:2      | HP: 6/32 [cerulean imp/+2 spear[Natasha] (3)]
  2050 | D:3      | Reached skill level 5 in Hexes
  2101 | D:3      | You pick up a book of Blasting and begin reading...
  2101 | D:3      | You add the spells Volatile Blastmotes, Fulminant Prism,
                  | Iskenderun's Mystic Blast and Lee's Rapid Deconstruction to
                  | your library.
  2322 | D:4      | Found a radiant altar of Vehumet.
  2322 | D:4      | Noticed a scorpion
  2414 | D:4      | Noticed a scorpion
  2485 | D:4      | Found a staircase to the Ecumenical Temple.
  2494 | Temple   | Entered the Ecumenical Temple
  2610 | D:4      | Found an opulent altar of Gozag.
  2628 | D:4      | Reached skill level 2 in Spellcasting
  2628 | D:4      | Reached XP level 5. HP: 15/37 MP: 3/8
  3301 | D:5      | Entered Level 5 of the Dungeon
  3351 | D:4      | Reached skill level 6 in Hexes
  3569 | D:5      | Reached XP level 6. HP: 42/43 MP: 6/10
  3575 | D:5      | Reached skill level 3 in Spellcasting
  3653 | D:5      | Noticed Sigmund
  3654 | D:5      | Sigmund changed into Sigmund the black bear
  3654 | D:5      | Noticed Sigmund
  3662 | D:5      | Killed Sigmund the black bear
  3735 | D:5      | Reached skill level 7 in Hexes
  4119 | D:5      | Reached skill level 4 in Spellcasting
  4119 | D:5      | Reached XP level 7. HP: 36/48 MP: 8/13
  4163 | D:4      | HP: 11/48 [poisoned by a scorpion]
  4168 | D:4      | HP: 7/48 [poisoned by a scorpion]
  4350 | D:4      | Reached skill level 1 in Short Blades
  4583 | D:2      | Killed Natasha
  4584 | D:2      | Reached skill level 2 in Short Blades
  4830 | D:4      | Reached skill level 3 in Short Blades
  5073 | D:5      | Found a broken altar of Ashenzari.
  5393 | D:5      | Identified the +2 robe of Hogor {-Cast Will+ rCorr SInv}
  5578 | D:6      | Found Waghek's Antique Armour Shop.
  5597 | D:6      | Noticed a steam dragon
  5737 | D:6      | Reached skill level 4 in Short Blades
  5800 | D:6      | You pick up a book of Changes and begin reading...
  5800 | D:6      | You add the spells Beastly Appendage, Wereblood and Spider
                  | Form to your library.
  5870 | D:6      | Reached skill level 2 in Dodging
  6024 | D:6      | Reached skill level 7 in Stealth
  6470 | D:6      | Learned a level 4 spell: Fulminant Prism
  6479 | D:6      | HP: 2/48 [ogre/+0 giant club (23)]
  6480 | D:6      | Reached skill level 3 in Dodging
  6489 | D:6      | HP: 5/48 [something/ball of steam (26)]
  6492 | D:6      | Killed a steam dragon
  6493 | D:6      | Reached skill level 8 in Stealth
  6493 | D:6      | Reached XP level 8. HP: 32/54 MP: 8/14
  6495 | D:6      | HP: 12/54 [centaur (2)]
  6499 | D:6      | Reached skill level 4 in Dodging
  6741 | D:7      | Reached skill level 9 in Stealth
  7284 | D:7      | Reached skill level 5 in Dodging
  7292 | D:7      | Reached skill level 10 in Stealth
  7620 | D:7      | Reached skill level 6 in Dodging
  7640 | D:7      | Reached skill level 11 in Stealth
  7640 | D:7      | Reached XP level 9. HP: 59/59 MP: 11/15
  7737 | D:7      | Reached skill level 1 in Conjurations
  7737 | D:7      | Reached skill level 8 in Hexes
  8011 | D:8      | You pick up a book of Dreams and begin reading...
  8011 | D:8      | You add the spells Ensorcelled Hibernation and Anguish to
                  | your library.
  8015 | D:8      | Learned a level 2 spell: Ensorcelled Hibernation
  8358 | D:8      | Reached skill level 2 in Conjurations
  8363 | D:8      | Reached skill level 5 in Spellcasting
  8363 | D:8      | Reached skill level 9 in Hexes
  8626 | D:8      | Noticed a two-headed ogre
  8655 | D:8      | Killed a two-headed ogre
  8656 | D:8      | Reached skill level 3 in Conjurations
  8656 | D:8      | Reached skill level 10 in Hexes
  8867 | D:8      | Noticed Prince Ribbit
  8874 | D:8      | Killed Prince Ribbit
  8875 | D:8      | Reached skill level 6 in Spellcasting
  8875 | D:8      | Reached XP level 10. HP: 65/65 MP: 15/19
  9429 | D:9      | Reached skill level 7 in Dodging
  9582 | D:9      | Found a staircase to the Orcish Mines.
  9598 | D:9      | Reached skill level 12 in Stealth
  9987 | D:10     | Entered Level 10 of the Dungeon
 10151 | D:10     | Reached skill level 8 in Dodging
 10469 | D:10     | Reached skill level 13 in Stealth
 10724 | D:10     | Found a hide-covered altar of Uskayaw.
 10800 | D:10     | Reached skill level 9 in Dodging
 10829 | D:10     | Found a hazy altar of Hepliaklqana.
 10829 | D:10     | Found a sacrificial altar of Ru.
 10834 | D:10     | Found a shadowy altar of Dithmenos.
 10851 | D:10     | Reached skill level 14 in Stealth
 10856 | D:10     | Became a worshipper of Dithmenos the Shadowed
 10929 | D:10     | Found Ockok's Armour Shop.
 11027 | D:10     | Noticed Fannar
 11039 | D:10     | Killed Fannar
 11040 | D:10     | Reached XP level 11. HP: 46/70 MP: 17/20
 11164 | D:10     | Found a burning altar of Makhleb.
 11196 | D:10     | Found a shimmering blue altar of Sif Muna.
 11509 | D:10     | Found Furcho's Armour Shoppe.
 11710 | D:10     | Reached skill level 10 in Dodging
 11710 | D:10     | Reached skill level 15 in Stealth
 12058 | D:10     | Reached skill level 2 in Fighting
 12061 | D:10     | Reached * piety under Dithmenos
 12066 | D:10     | Reached skill level 3 in Fighting
 12233 | D:11     | Noticed Lodul
 12685 | D:11     | Found a staircase to the Lair.
 12946 | D:11     | Noticed makewrite's ghost (journeyman KoBe)
 13059 | D:11     | Found a runed translucent door.
 13067 | D:11     | Reached skill level 4 in Fighting
 13343 | Lair:1   | Entered Level 1 of the Lair of Beasts
 13411 | Lair:1   | Reached skill level 5 in Fighting
 13823 | Lair:1   | Reached skill level 6 in Fighting
 14181 | Lair:1   | Reached skill level 7 in Fighting
 14642 | Lair:2   | Found a hole to the Spider Nest.
 14657 | Lair:2   | Noticed a death yak
 14657 | Lair:2   | Noticed a death yak
 14658 | Lair:2   | Noticed a death yak
 14659 | Lair:2   | Noticed a death yak
 14671 | Lair:2   | Killed a death yak
 14672 | Lair:2   | Reached skill level 8 in Fighting
 14719 | Lair:2   | Killed a death yak
 14719 | Lair:2   | Reached ** piety under Dithmenos
 14720 | Lair:2   | Reached skill level 11 in Hexes
 14720 | Lair:2   | Reached XP level 12. HP: 92/92 MP: 16/21
 14721 | Lair:2   | Killed a death yak
 14771 | Lair:2   | Killed a death yak
 14776 | Lair:2   | Reached skill level 7 in Spellcasting
 14847 | Lair:2   | Identified a scroll of acquirement
 14854 | Lair:2   | Acquired 1034 gold pieces
 14880 | Lair:2   | Reached skill level 12 in Hexes
 15848 | Lair:2   | Reached skill level 5 in Short Blades
 16352 | Lair:3   | Noticed Sonja
 16360 | Lair:3   | Killed Sonja
 16361 | Lair:3   | Reached skill level 6 in Short Blades
 16370 | Lair:3   | Found a frozen archway.
 16403 | IceCv    | Entered an ice cave
 16442 | IceCv    | Reached skill level 7 in Short Blades
 16767 | IceCv    | HP: 22/92 [harpy simulacrum (3)]
 16767 | IceCv    | HP: 5/92 [harpy simulacrum (6)]
 16767 | IceCv    | Slain by a harpy simulacrum

Vanquished Creatures
  Fannar (D:10)
  A two-headed ogre (D:8)
  4 death yaks (Lair:2)
  Sonja (Lair:3)
  5 elephants (Lair:2)
  A torpor snail (Lair:1)
  3 rime drakes
  4 cane toads
  An unseen horror zombie (D:10)
  2 komodo dragons
  An anaconda simulacrum (IceCv)
  4 ice devils (IceCv)
  4 trolls (D:10)
  Prince Ribbit (D:8)
  3 hornets
  9 blink frogs
  A meliai zombie (D:10)
  3 shadows
  2 vampires (D:10)
  5 wraiths
  A wyvern (Lair:1)
  2 basilisks (Lair:2)
  A steam dragon (D:6)
  A vampire mosquito (D:7)
  7 yaks
  A redback (Lair:2)
  2 acid dragons
  2 water moccasins
  6 orc warriors
  A swamp drake (D:9)
  3 sky beasts
  A black bear (D:5)
  4 centaurs
  9 ogres
  2 phantoms
  10 wolves
  2 kobold brigands (D:10)
  A gnoll sergeant (D:9)
  4 scorpions
  14 wights
  6 killer bees
  A howler monkey (D:4)
  5 centaur zombies (D:10)
  2 hounds (D:4)
  A quasit (D:5)
  2 orc priests
  2 sleepcaps
  Natasha (D:2)
  A gnoll bouda (D:5)
  3 iguanas
  3 orc wizards
  6 hell rats (Lair:2)
  A spriggan simulacrum (IceCv)
  A wolf simulacrum (IceCv)
  A howler monkey zombie (D:10)
  5 gnolls
  2 naga simulacra (IceCv)
  7 adders
  6 shadow imps
  5 white imps
  3 ufetubi
  5 worms
  2 dart slugs
  16 orcs
  4 ball pythons
  10 endoplasms
  4 giant cockroaches
  6 goblins
  5 hobgoblins
  2 jackals (D:4)
  13 kobolds
  3 quokkas
  A bat (D:2)
  4 frilled lizards
  5 rats
274 creatures vanquished.

Vanquished Creatures (others)
  40 fulminant prisms
40 creatures vanquished.

Grand Total: 314 creatures vanquished

Table legend:
 A = Non-vault XP
 B = Vault XP
 C = Vault XP percentage of total XP
 D = Non-vault monster count
 E = Vault monster count
 F = Vault count percentage of total count
                 A         B        C        D         E       F
            +---------+---------+-------+---------+---------+-------
      Total |   16280 |   17248 |  51.4 |     199 |      75 |  27.4
            +---------+---------+-------+---------+---------+-------
        D:1 |      20 |       0 |   0.0 |      12 |       0 |   0.0
        D:2 |      86 |      37 |  30.1 |      16 |       1 |   5.9
        D:3 |      67 |       0 |   0.0 |      18 |       0 |   0.0
        D:4 |     260 |       0 |   0.0 |      16 |       0 |   0.0
        D:5 |     350 |     231 |  39.8 |      14 |       8 |  36.4
        D:6 |     685 |       0 |   0.0 |      10 |       0 |   0.0
        D:7 |     611 |     933 |  60.4 |       9 |       9 |  50.0
        D:8 |    2331 |     286 |  10.9 |      20 |       1 |   4.8
        D:9 |    1043 |     963 |  48.0 |      11 |      11 |  50.0
       D:10 |    2951 |    4372 |  59.7 |      30 |      16 |  34.8
       D:11 |     447 |     596 |  57.1 |       5 |       5 |  50.0
     Lair:1 |    4703 |       0 |   0.0 |      20 |       0 |   0.0
     Lair:2 |    2344 |    6550 |  73.6 |      17 |      12 |  41.4
     Lair:3 |     382 |    1489 |  79.6 |       1 |       3 |  75.0
      IceCv |       0 |    1791 | 100.0 |       0 |       9 | 100.0
            +---------+---------+-------+---------+---------+-------

Skill      XL: |  1  2  3  4  5  6  7  8  9 10 11 12 |
---------------+-------------------------------------+-----
Stealth        | 3 4 6 8 11 14 15 | 15.0
Hexes          | 5 6 7 10 11 12 | 12.7
Spellcasting   | 2 4 6 7 |  7.8
Short Blades   | 4 7 |  7.9
Dodging        | 3 6 9 10 | 10.0
Conjurations   | 3 |  3.7
Fighting       | 8 |  8.0
Polearms       | |  2.6

Action                     |  1- 3 |  4- 6 |  7- 9 | 10-12 || total
---------------------------+-------+-------+-------+-------++-------
  Melee: Spear             |    57 |   129 |       |       ||   186
         Bite              |     3 |    36 |    36 |    37 ||   112
         Dagger            |     2 |    94 |   223 |    76 ||   395
         Punch             |       |     2 |     1 |       ||     3
         Rapier            |       |       |       |   250 ||   250
   Cast: Confusing Touch   |       |    17 |    36 |    44 ||    97
         Fulminant Prism   |       |       |     1 |    39 ||    40
         Ensorcelled Hiber |       |       |     3 |    89 ||    92
  Evoke: Wand              |       |     3 |     7 |     7 ||    17
         Lightning rod     |       |       |       |     2 ||     2
    Use: Potion            |       |     1 |     2 |       ||     3
         Scroll            |       |     7 |    11 |    11 ||    29
   Stab: Sleeping          |    11 |    10 |    16 |    71 ||   108
         Distracted        |     1 |       |     2 |       ||     3
         Confused          |       |    13 |    29 |    36 ||    78
 Armour: Robe              |     5 |    53 |     8 |    73 ||   139
         Steam dragon scal |       |       |    11 |       ||    11
  Dodge: Dodged            |    20 |   150 |   100 |   318 ||   588

Illustrated notes

Table legend:
 A = Kills in this place as a percentage of kills in the entire game.
 B = Kills by you in this place as a percentage of kills by you in the entire game.
 C = Kills by friends in this place as a percentage of kills by friends in the entire game.
 D = Other kills in this place as a percentage of other kills in the entire game.
 E = Experience gained in this place as a percentage of experience gained in the entire game.
 F = Experience gained in this place divided by the number of levels of this place that you have seen.
                   A       B       C       D       E      F
               +-------+-------+-------+-------+-------+----------------------
         Total | 100.0 | 100.0 |   N/A | 100.0 | 100.0 | 2095.5
       Dungeon |  77.4 |  76.9 |   N/A |  90.0 |  48.5 | 1479.0
          Lair |  19.3 |  20.1 |   N/A |   0.0 |  46.1 | 5156.0
      Ice Cave |   3.3 |   3.0 |   N/A |  10.0 |   5.3 | 1791.0
               +-------+-------+-------+-------+-------+----------------------

Table legend: (Time is in decaauts)
 A = Elapsed time spent in this place.
 B = Non-inter-level travel time spent in this place.
 C = Inter-level travel time spent in this place.
 D = Time resting spent in this place.
 E = Time spent auto-exploring this place.
 F = Levels seen in this place.
 G = Mean time per level.
                   A        B        C        D        E       F      G
               +--------+--------+--------+--------+--------+-----+--------+
         Total |  16735 |  15738 |    997 |   2600 |  10043 |  16 | 1045.9 |
       Dungeon |  13242 |  12362 |    880 |   1687 |   8339 |  11 | 1203.8 |
        Temple |     64 |     60 |      4 |      0 |      0 |   1 |   64.0 |
          Lair |   3075 |   2962 |    113 |    778 |   1704 |   3 | 1025.0 |
      Ice Cave |    353 |    353 |      0 |    135 |      0 |   1 |  353.0 |
               +--------+--------+--------+--------+--------+-----+--------+

Top non-repeatable levels by time:
    D:10: 2295 daAuts
     D:4: 1689 daAuts
  Lair:2: 1572 daAuts
  Lair:1: 1434 daAuts
     D:5: 1418 daAuts
     D:7: 1294 daAuts
     D:9: 1163 daAuts
     D:1: 1156 daAuts
     D:6: 1125 daAuts
     D:8: 1033 daAuts
    D:11: 826 daAuts
     D:2: 631 daAuts
     D:3: 607 daAuts
   IceCv: 353 daAuts
  Lair:3: 68 daAuts
